[Event "Titled Tuesday Blitz July 18 Early 2023"]
[White "Sreyas Payyappat"]
[Black "Senft, Sean"]
[WhiteFideId "46674969"]
[BlackFideId "2044960"]
[WhiteElo "2525"]
[BlackElo "2358"]
[Result "0-1"]
[Round "4"]
[TimeControl "180+2"]
[Date "2023.07.18"]
[WhiteClock "0:00:56"]
[BlackClock "0:00:46"]
[Board "133"]

1. e4 c5 2. Nf3 d6 3. d4 cxd4 4. Nxd4 Nf6 5. Nc3 a6 6. h4 e5 7. Nb3 Be6 8. f4 exf4 9. Bxf4 Be7 10. Qd2 Nc6 11. O-O-O Ne5 12. Be2 O-O 13. Qe3 Rc8 14. Rhg1 Qc7 15. g4 b5 16. Bxe5 dxe5 17. g5 Nd7 18. Rd2 Nc5 19. Qg3 b4 20. Nd5 Bxd5 21. Rxd5 Nxe4 22. Qd3 Nc5 23. Nxc5 Bxc5 24. Rf1 e4 25. Qxe4 Rfe8 26. Qd3 Re3 27. Qd1 Rce8 28. Bc4 R3e7 29. h5 Be3+ 30. Kb1 Qxc4 31. g6 hxg6 32. hxg6 fxg6 33. Rh1 Bh6 34. b3 Qc3 35. Rd8 Kh7 36. Rxe8 Rxe8 0-1


[Site "https://www.chess.com"]

[Event "Titled Tuesday Blitz July 18 Early 2023"]
[White "ArtemDyachuk"]
[Black "Alahakoon, Isuru"]
[BlackFideId "9900993"]
[WhiteElo "2516"]
[BlackElo "2353"]
[Result "0-1"]
[Round "4"]
[TimeControl "180+2"]
[Date "2023.07.18"]
[WhiteClock "0:00:01"]
[BlackClock "0:00:29"]
[Board "134"]

1. e4 d5 2. exd5 Qxd5 3. Nc3 Qa5 4. d4 Nf6 5. Nf3 Bg4 6. Be2 Nc6 7. Bd2 O-O-O 8. Nb5 Qb6 9. c3 Bxf3 10. gxf3 e5 11. Be3 a6 12. d5 Bc5 13. Bxc5 Qxc5 14. Na3 Nxd5 15. Qc2 Nf4 16. Nc4 Rd7 17. b4 Qe7 18. a4 Rhd8 19. b5 Na5 20. bxa6 Nxc4 21. Bxc4 Rd2 22. Qe4 c6 23. a7 Kc7 24. a8=Q Qc5 25. Qxd8+ Kxd8 26. Rd1 Qxf2# 0-1


[Site "https://www.chess.com"]

[Event "Titled Tuesday Blitz July 18 Early 2023"]
[White "Sovetbekova, Nurai"]
[Black "Yeritsyan, Hayk"]
[WhiteFideId "13801910"]
[BlackFideId "13307320"]
[WhiteElo "2352"]
[BlackElo "2515"]
[Result "1-0"]
[Round "4"]
[TimeControl "180+2"]
[Date "2023.07.18"]
[WhiteClock "0:00:55"]
[BlackClock "0:00:15"]
[Board "135"]

1. d4 d5 2. c4 e6 3. Nc3 dxc4 4. e4 a6 5. a4 Nf6 6. Bxc4 Nc6 7. Nf3 Na5 8. Bd3 c5 9. dxc5 Bxc5 10. O-O Nc6 11. Bg5 Be7 12. Qe2 e5 13. Rfd1 Qa5 14. Bxf6 Bxf6 15. Nd5 Bg4 16. Nxf6+ gxf6 17. Qe3 Bxf3 18. Qxf3 Ke7 19. Bc4 Nd4 20. Qh5 Rhf8 21. Rxd4 Qc7 22. Rdd1 Qxc4 23. Rac1 Qxe4 24. Rc7+ Ke6 25. Qh3+ Qf5 26. Qb3# 1-0


[Site "https://www.chess.com"]

[Event "Titled Tuesday Blitz July 18 Early 2023"]
[White "Alain_Otero"]
[Black "Roberson, Peter T"]
[BlackFideId "412384"]
[WhiteElo "2349"]
[BlackElo "2514"]
[Result "1-0"]
[Round "4"]
[TimeControl "180+2"]
[Date "2023.07.18"]
[WhiteClock "0:00:03"]
[BlackClock "0:00:25"]
[Board "136"]

1. e4 d6 2. d4 Nf6 3. Nc3 c6 4. Nf3 Bg4 5. h3 Bh5 6. Bf4 e6 7. Be2 Be7 8. Qd2 d5 9. e5 Nfd7 10. g4 Bg6 11. Be3 c5 12. dxc5 Nc6 13. O-O-O Ndxe5 14. Nxe5 Nxe5 15. f4 Nc4 16. Bxc4 dxc4 17. Qe2 Qa5 18. Qxc4 O-O 19. h4 Rac8 20. h5 Bxc5 21. Bxc5 Rxc5 22. Qb3 Bxc2 23. Kxc2 b5 24. Kb1 Rfc8 25. Ne4 R5c6 26. g5 Qc7 27. g6 Qxf4 28. gxf7+ Kh8 29. Qd3 Qxf7 30. Nd6 Rxd6 31. Qxd6 h6 32. Qd7 Qf5+ 33. Ka1 Qc2 34. Qxa7 b4 35. Rhg1 Rg8 36. Rd8 Qh7 37. Qa8 1-0


[Site "https://www.chess.com"]

[Event "Titled Tuesday Blitz July 18 Early 2023"]
[White "Santos Flores, Alberto"]
[Black "Li, Hui"]
[WhiteFideId "3601234"]
[BlackFideId "15400310"]
[WhiteElo "2514"]
[BlackElo "2349"]
[Result "1/2-1/2"]
[Round "4"]
[TimeControl "180+2"]
[Date "2023.07.18"]
[WhiteClock "0:00:45"]
[BlackClock "0:00:05"]
[Board "137"]

1. e4 e5 2. Nf3 Nf6 3. Nxe5 d6 4. Nf3 Nxe4 5. d4 d5 6. Bd3 Be7 7. O-O Nc6 8. Re1 Bg4 9. c3 f5 10. Qb3 O-O 11. Ne5 Nxe5 12. dxe5 Kh8 13. Na3 c6 14. f3 Nc5 15. Qc2 Nxd3 16. Qxd3 Bh5 17. Nc2 f4 18. Nd4 Bg6 19. Qd1 a6 20. Kh1 Bf5 21. Bxf4 Bd7 22. Bg3 c5 23. Nb3 Be6 24. f4 h6 25. Qf3 Qd7 26. h3 Bxh3 27. gxh3 Qxh3+ 28. Kg1 Bh4 29. Kf2 Qh2+ 30. Ke3 Qxg3 31. Qxg3 Bxg3 32. Rf1 g5 33. fxg5 hxg5 34. Nxc5 Bxe5 35. Rxf8+ Rxf8 36. Nd7 Re8 37. Nxe5 Rxe5+ 38. Kd4 Rf5 39. Re1 Kg7 40. Re7+ Rf7 41. Re5 Kg6 42. Rxd5 Kh5 43. Rd8 Kh4 44. c4 g4 45. Rh8+ Kg3 46. Rg8 Kf3 47. c5 g3 48. b4 g2 49. Kd5 Rf5+ 50. Kd6 Rf4 51. Rxg2 Kxg2 52. a3 Rf3 53. Kc7 Rxa3 54. Kxb7 Rb3 55. Kxa6 Rxb4 56. c6 Kf3 57. c7 Rc4 58. Kb7 Ke4 59. c8=Q Rxc8 60. Kxc8 1/2-1/2


[Site "https://www.chess.com"]

[Event "Titled Tuesday Blitz July 18 Early 2023"]
[White "micke12a"]
[Black "Berezin, Viktor"]
[BlackFideId "14107872"]
[WhiteElo "2348"]
[BlackElo "2511"]
[Result "0-1"]
[Round "4"]
[TimeControl "180+2"]
[Date "2023.07.18"]
[WhiteClock "0:00:01"]
[BlackClock "0:00:10"]
[Board "138"]

1. d4 Nf6 2. Nf3 g6 3. Nc3 Bg7 4. e4 O-O 5. Be3 d6 6. Qd2 c6 7. O-O-O b5 8. Bd3 Qa5 9. Kb1 b4 10. Ne2 e5 11. dxe5 dxe5 12. Bh6 Be6 13. Nc1 Nbd7 14. h4 c5 15. Bxg7 Kxg7 16. Qe2 h5 17. Nd2 Qc7 18. Nc4 a5 19. f3 Nb6 20. Rhg1 Nfd7 21. g4 Rh8 22. g5 Nxc4 23. Bxc4 Bxc4 24. Qxc4 Nb6 25. Qf1 c4 26. f4 exf4 27. Ne2 Rhe8 28. Rd4 Rad8 29. Qf2 Qc5 30. Qxf4 Rxd4 31. Qf6+ Kg8 32. Nxd4 Rxe4 33. Rd1 Nd5 34. Qd8+ Kg7 35. Nf3 Qe3 36. Qxd5 Qxf3 37. Qd2 c3 38. bxc3 bxc3 39. Qd3 Qf4 40. Qxc3+ Kh7 41. Qb3 Rb4 42. Kb2 a4 43. Qxb4 Qxb4+ 44. Ka1 a3 45. Rd3 Qb2# 0-1


[Site "https://www.chess.com"]

[Event "Titled Tuesday Blitz July 18 Early 2023"]
[White "Vyatkin, Dmitry"]
[Black "Llanos, Guillermo"]
[WhiteFideId "4171900"]
[BlackFideId "100358"]
[WhiteElo "2509"]
[BlackElo "2347"]
[Result "1-0"]
[Round "4"]
[TimeControl "180+2"]
[Date "2023.07.18"]
[WhiteClock "0:00:02"]
[BlackClock "0:00:00"]
[Board "139"]

1. d4 Nf6 2. c4 b6 3. Nc3 Bb7 4. f3 d5 5. cxd5 Nxd5 6. e4 Nxc3 7. bxc3 e5 8. Bb5+ c6 9. Ba4 exd4 10. Qxd4 Nd7 11. Bf4 Nc5 12. Bc2 Be7 13. Be5 O-O 14. Bxg7 Ne6 15. Qxd8 Rfxd8 16. Be5 f6 17. Bg3 Nc5 18. Rd1 Rxd1+ 19. Kxd1 Rd8+ 20. Kc1 Ba6 21. Nh3 Nd3+ 22. Bxd3 Bxd3 23. Kb2 Bc4 24. Bf4 Bc5 25. Bc1 a5 26. Nf4 a4 27. a3 Kf7 28. g4 Bd6 29. h4 b5 30. g5 Be5 31. Rg1 c5 32. Kc2 Bb3+ 33. Kb1 Bxc3 34. gxf6 Bxf6 35. Bb2 Bxb2 36. Kxb2 b4 37. axb4 cxb4 38. Rg2 Rd1 39. e5 Rf1 40. Nd3 Rxf3 41. Nxb4 Bd5 42. Nxd5 a3+ 43. Ka2 Rh3 44. Rg4 h5 45. Re4 Rh2+ 46. Kxa3 Ke6 47. Nf6 Rh3+ 48. Kb4 Rd3 49. Kc4 Rd8 50. Nxh5 Kf5 51. Ng3+ Ke6 52. h5 Rg8 53. Re3 Rg4+ 54. Kd3 Rh4 55. Ke2 Rh3 56. Kf3 Rh4 57. Re4 Rh2 58. Kg4 1-0


[Site "https://www.chess.com"]

[Event "Titled Tuesday Blitz July 18 Early 2023"]
[White "Dubreuil, Julien"]
[Black "Novikov, Evgenij"]
[WhiteFideId "621285"]
[BlackFideId "4125380"]
[WhiteElo "2343"]
[BlackElo "2509"]
[Result "1/2-1/2"]
[Round "4"]
[TimeControl "180+2"]
[Date "2023.07.18"]
[WhiteClock "0:00:16"]
[BlackClock "0:00:05"]
[Board "140"]

1. c4 e5 2. g3 g6 3. Bg2 Bg7 4. Nc3 Ne7 5. e4 O-O 6. Nge2 Nbc6 7. d3 Nd4 8. h4 h5 9. Nxd4 exd4 10. Ne2 c6 11. Nf4 d5 12. exd5 cxd5 13. Nxd5 Nxd5 14. Bxd5 Bg4 15. Bf3 Qa5+ 16. Kf1 b5 17. Bxg4 hxg4 18. Bd2 Qb6 19. cxb5 Qxb5 20. b4 Qxd3+ 21. Kg1 Rfe8 22. Bf4 Qf5 23. Kh2 a5 24. bxa5 Rxa5 25. Re1 Rea8 26. a4 d3 27. Ra3 Rd5 28. Re3 Rad8 29. a5 Rxa5 30. Rxa5 Qxa5 31. Rxd3 Re8 32. Re3 Rxe3 33. Bxe3 Qf5 34. Qd8+ Kh7 35. Qa8 Bf6 36. Qb7 Be5 37. Kg1 Qf6 38. Qd5 Kg7 39. Qe4 Qf5 40. Qd5 Bf6 41. Qb7 Be5 42. Qa8 Qf3 43. Qxf3 gxf3 44. g4 Kf6 45. Kf1 Ke6 46. Ke1 Kd5 47. Kd2 Ke4 48. Bh6 Bd4 49. Ke1 f5 50. gxf5 Kxf5 51. Bg5 Kg4 52. Kf1 Kh3 53. Be7 Be5 54. Bd8 Bf4 55. Be7 Kg4 56. Bd8 Be5 57. Be7 Bf4 58. Bd8 Bh6 59. Be7 Bf4 1/2-1/2


[Site "https://www.chess.com"]

[Event "Titled Tuesday Blitz July 18 Early 2023"]
[White "Gutkin, Ilya"]
[Black "Philippe, Guillaume"]
[WhiteFideId "16203470"]
[BlackFideId "36048763"]
[WhiteElo "2342"]
[BlackElo "2508"]
[Result "0-1"]
[Round "4"]
[TimeControl "180+2"]
[Date "2023.07.18"]
[WhiteClock "0:00:00"]
[BlackClock "0:00:12"]
[Board "141"]

1. e4 c5 2. Nf3 Nc6 3. Bb5 e6 4. O-O Nge7 5. c3 a6 6. Ba4 b5 7. Bc2 Bb7 8. Re1 d5 9. e5 d4 10. Be4 Rb8 11. d3 Ng6 12. g3 Qc7 13. Qe2 Rd8 14. h4 Be7 15. h5 Nf8 16. h6 g6 17. a4 Nd7 18. axb5 axb5 19. Na3 Qb6 20. c4 b4 21. Nb5 O-O 22. Bf4 Ra8 23. Ng5 Bxg5 24. Bxg5 Ncxe5 25. Bxb7 Qxb7 26. Nd6 Nf3+ 0-1


[Site "https://www.chess.com"]

[Event "Titled Tuesday Blitz July 18 Early 2023"]
[White "Estrada Nieto, Julian"]
[Black "vishwa_vijeta"]
[WhiteFideId "5101018"]
[WhiteElo "2507"]
[BlackElo "2342"]
[Result "1-0"]
[Round "4"]
[TimeControl "180+2"]
[Date "2023.07.18"]
[WhiteClock "0:00:05"]
[BlackClock "0:00:00"]
[Board "142"]

1. e4 c5 2. Nf3 d6 3. Bb5+ Bd7 4. Bxd7+ Qxd7 5. O-O Nf6 6. Qe2 g6 7. c3 Bg7 8. d4 cxd4 9. cxd4 O-O 10. Nc3 Nc6 11. Rd1 e6 12. h3 Rfe8 13. Bg5 a6 14. Qe3 Qc7 15. Bh6 Rac8 16. Bxg7 Kxg7 17. Rac1 Qe7 18. Qg5 Nd7 19. Qd2 b5 20. d5 exd5 21. exd5 Nce5 22. Nxe5 Nxe5 23. b3 Rc7 24. Qd4 Qf6 25. Kh1 Nd7 26. Qxf6+ Nxf6 27. Kg1 Rec8 28. Ne2 Rxc1 29. Nxc1 Nxd5 30. Rxd5 Rxc1+ 31. Kh2 Rc2 32. Rxd6 Rxa2 33. f4 a5 34. Rb6 b4 35. Ra6 Ra3 36. h4 Kf8 37. g4 Ke7 38. g5 Kd7 39. Ra7+ Kc6 40. Rxf7 Rxb3 41. Rxh7 a4 42. Ra7 a3 43. f5 Rb2+ 44. Kg3 Rb3+ 45. Kg4 gxf5+ 46. Kxf5 Rf3+ 47. Kg4 Rf8 48. g6 Kb6 49. Ra4 Kb5 50. Ra7 Kb6 51. Rf7 Rg8 52. Rf6+ 1-0


[Site "https://www.chess.com"]

[Event "Titled Tuesday Blitz July 18 Early 2023"]
[White "Molina Carretero, Daniel"]
[Black "Ansh M Shah"]
[WhiteFideId "32071914"]
[BlackFideId "25033379"]
[WhiteElo "2336"]
[BlackElo "2507"]
[Result "1-0"]
[Round "4"]
[TimeControl "180+2"]
[Date "2023.07.18"]
[WhiteClock "0:02:32"]
[BlackClock "0:01:56"]
[Board "143"]

1. c4 e5 2. g3 Nf6 3. Bg2 d5 4. cxd5 Nxd5 5. Nf3 Be7 6. Nxe5 Be6 7. O-O O-O 8. Nc3 Bf6 9. Nd3 Qd6 10. Ne4 Qe7 11. Nxf6+ Qxf6 12. Nc5 Nd7 13. Nxd7 1-0


[Site "https://www.chess.com"]

[Event "Titled Tuesday Blitz July 18 Early 2023"]
[White "LeoLV10"]
[Black "Buscar, Michael"]
[BlackFideId "2603616"]
[WhiteElo "2504"]
[BlackElo "2333"]
[Result "1-0"]
[Round "4"]
[TimeControl "180+2"]
[Date "2023.07.18"]
[WhiteClock "0:00:11"]
[BlackClock "0:00:06"]
[Board "144"]

1. e4 c5 2. Nf3 Nc6 3. d4 cxd4 4. Nxd4 Nf6 5. Nc3 e5 6. Ndb5 h6 7. Nd6+ Bxd6 8. Qxd6 Qe7 9. Qd1 O-O 10. Be2 Rd8 11. O-O Nd4 12. Bc4 d6 13. Be3 Be6 14. Bd5 Nxd5 15. exd5 Bf5 16. Bxd4 exd4 17. Qxd4 Bxc2 18. Rfe1 Qg5 19. Rac1 Bf5 20. h4 Qg6 21. Ne2 Re8 22. Ng3 Rxe1+ 23. Rxe1 Kf8 24. Qf4 Bd7 25. Qb4 Re8 26. Rxe8+ Bxe8 27. h5 Qb1+ 28. Kh2 Qxa2 29. Qxd6+ Kg8 30. Qe5 Qa4 31. Nf5 f6 32. Qe6+ Bf7 33. Ne7+ Kf8 34. Ng6+ Bxg6 35. hxg6 Qe8 36. Qd6+ Kg8 37. Qg3 Kf8 38. f4 Qb8 39. Qa3+ Ke8 40. Kg3 h5 41. Qe3+ Kf8 42. Qe6 Qe8 43. Qxe8+ Kxe8 44. f5 Ke7 45. Kf4 Kd6 46. Ke4 b5 47. b4 a5 48. bxa5 b4 49. a6 b3 50. Kd3 1-0


[Site "https://www.chess.com"]

[Event "Titled Tuesday Blitz July 18 Early 2023"]
[White "ElenGajger"]
[Black "Saucey, Michel"]
[BlackFideId "601845"]
[WhiteElo "2503"]
[BlackElo "2323"]
[Result "1-0"]
[Round "4"]
[TimeControl "180+2"]
[Date "2023.07.18"]
[WhiteClock "0:00:05"]
[BlackClock "0:00:00"]
[Board "145"]

1. e4 c5 2. Nc3 Nc6 3. Bb5 Nd4 4. Bc4 e6 5. Nf3 Nf6 6. O-O a6 7. e5 d5 8. exf6 dxc4 9. fxg7 Bxg7 10. Ne4 Qc7 11. c3 Nf5 12. d3 b6 13. dxc4 Bb7 14. Ng3 Rd8 15. Qe2 Nxg3 16. hxg3 O-O 17. Bf4 Qc6 18. Rad1 f6 19. Qe3 Qe4 20. Qxe4 Bxe4 21. Rfe1 f5 22. Bc7 Rxd1 23. Rxd1 b5 24. cxb5 axb5 25. Ng5 Bd5 26. a3 Rc8 27. Bd6 h6 28. Nh3 Kf7 29. Nf4 Bb3 30. Re1 Rc6 31. Be5 Bf8 32. f3 b4 33. axb4 cxb4 34. Kh2 bxc3 35. Bxc3 Bc5 36. Ne2 Bf2 37. Rf1 Be3 38. Nd4 Bxd4 39. Bxd4 Rc2 40. Bc3 Bd5 41. Kg1 Kg6 42. Re1 h5 43. Ra1 Kg5 44. Ra7 Kg6 45. Rg7+ Kh6 46. Rg8 Re2 47. Kh2 Rc2 48. Kh3 Rc1 49. Rh8+ Kg6 50. Rg8+ Kf7 51. Rg7+ Ke8 52. Kh2 Rc2 53. Kg1 Rc1+ 54. Kf2 Rh1 55. Bf6 Rb1 56. Ke3 Re1+ 57. Kf4 Re2 58. b4 Rxg2 59. b5 Rc2 60. b6 Rc4+ 61. Ke5 Rb4 62. Re7+ Kf8 63. Rc7 Rxb6 64. Bg7+ Ke8 65. Bf6 Rb5 66. Re7+ Kf8 67. Rh7 Bb3+ 68. Kd6 Kg8 69. Rg7+ Kf8 70. Rc7 Kg8 71. Rg7+ Kf8 72. Rh7 Rd5+ 73. Kc6 Kg8 74. Rg7+ Kf8 75. Rc7 Rd3 76. Be5 Bd5+ 77. Kd6 1-0


[Site "https://www.chess.com"]

[Event "Titled Tuesday Blitz July 18 Early 2023"]
[White "Mmukka"]
[Black "Okike, David"]
[BlackFideId "8500134"]
[WhiteElo "2493"]
[BlackElo "2322"]
[Result "0-1"]
[Round "4"]
[TimeControl "180+2"]
[Date "2023.07.18"]
[WhiteClock "0:00:08"]
[BlackClock "0:00:56"]
[Board "146"]

1. e4 c5 2. Nf3 Nc6 3. d4 cxd4 4. Nxd4 Nf6 5. Nc3 d6 6. Bg5 a6 7. Qd2 e6 8. O-O-O Bd7 9. h4 Qb6 10. Be3 Qc7 11. Nxc6 Bxc6 12. f3 b5 13. Kb1 Rb8 14. g4 b4 15. Ne2 a5 16. Nd4 Bd7 17. h5 h6 18. Be2 a4 19. g5 hxg5 20. Bxg5 Rxh5 21. Rxh5 Nxh5 22. Rh1 Ng3 23. Rh8 Nxe2 24. Qxe2 Qc5 25. Be3 Qe5 26. Qg2 Bb5 27. Qh1 Rb7 28. Rh5 f5 29. Rh8 Kf7 30. Qh5+ g6 31. Qh7+ Bg7 32. Qg8+ Kf6 33. Qd8+ Kf7 34. Qe8+ Bxe8 35. Rh1 a3 36. exf5 gxf5 37. Bf2 Qf6 38. f4 e5 39. fxe5 dxe5 40. Nf3 e4 41. Bd4 Qg6 42. Bxg7 Qxg7 43. Rh7 Qxh7 44. Ng5+ Kg6 45. Nxh7 Kxh7 46. b3 Rg7 47. c4 Rg2 48. c5 Bc6 49. Kc1 f4 50. Kd1 Rxa2 51. Ke1 Rb2 52. Kf1 a2 53. Ke1 a1=Q# 0-1


[Site "https://www.chess.com"]

[Event "Titled Tuesday Blitz July 18 Early 2023"]
[White "Erzhanov, Arman"]
[Black "kiwibobo"]
[WhiteFideId "4138821"]
[WhiteElo "2491"]
[BlackElo "2321"]
[Result "0-1"]
[Round "4"]
[TimeControl "180+2"]
[Date "2023.07.18"]
[WhiteClock "0:00:43"]
[BlackClock "0:00:39"]
[Board "147"]

1. e4 e5 2. Nf3 Nc6 3. Bc4 Nf6 4. d4 exd4 5. e5 d5 6. Bb5 Ne4 7. Nxd4 Bd7 8. Bxc6 bxc6 9. O-O Be7 10. f3 Nc5 11. f4 O-O 12. f5 Ne4 13. Nc3 Bc5 14. Nxe4 dxe4 15. c3 Re8 16. f6 Rxe5 17. fxg7 e3 18. Qf3 Qe7 19. b4 e2 20. Re1 Bxd4+ 21. cxd4 Qxb4 22. Bb2 Rg5 23. Rxe2 Bg4 24. Qxc6 Bxe2 25. Qxa8+ Kxg7 26. Rb1 Rf5 27. d5+ Qxb2 28. Re1 Qd2 29. Ra1 Qd4+ 0-1


[Site "https://www.chess.com"]

[Event "Titled Tuesday Blitz July 18 Early 2023"]
[White "Vasques, Antonio Pedro Freixial"]
[Black "Pajeken, Jakob Leon"]
[WhiteFideId "1908332"]
[BlackFideId "12942839"]
[WhiteElo "2319"]
[BlackElo "2489"]
[Result "0-1"]
[Round "4"]
[TimeControl "180+2"]
[Date "2023.07.18"]
[WhiteClock "0:00:35"]
[BlackClock "0:01:51"]
[Board "148"]

1. e4 e5 2. Nf3 Nc6 3. Bc4 Bc5 4. O-O Nf6 5. d4 Bxd4 6. Nxd4 Nxd4 7. Bg5 Ne6 8. Bxe6 dxe6 9. Qxd8+ Kxd8 10. f4 Ke8 11. fxe5 Nd7 12. Bf4 b6 13. Nc3 a6 14. Rf2 Bb7 15. b4 h6 16. Bg3 Ke7 17. Raf1 Rhf8 18. a3 Bc6 19. Rd2 a5 20. b5 Bb7 21. Bh4+ g5 22. Bg3 Nc5 23. h4 Rad8 24. Rdf2 Bxe4 25. Rf6 Bg6 26. hxg5 hxg5 27. Bf2 Nd7 28. Be3 Nxf6 29. Bxg5 Rd4 30. Bxf6+ Kd7 31. Ne2 Rd2 32. Nf4 Bxc2 33. g4 Ba4 34. g5 Bxb5 35. Nh5 Bc6 36. Rf2 Rxf2 37. Kxf2 Bd5 38. Bg7 Ra8 39. Ke3 c5 40. Nf6+ Kc6 41. Nh5 b5 42. Nf4 a4 43. Nd3 Bc4 44. Nb2 Bb3 45. Bf6 b4 0-1


[Site "https://www.chess.com"]

[Event "Titled Tuesday Blitz July 18 Early 2023"]
[White "San Thit Lwin"]
[Black "kuanysh1981"]
[WhiteFideId "13001272"]
[WhiteElo "2315"]
[BlackElo "2481"]
[Result "0-1"]
[Round "4"]
[TimeControl "180+2"]
[Date "2023.07.18"]
[WhiteClock "0:00:16"]
[BlackClock "0:01:03"]
[Board "149"]

1. Nf3 Nf6 2. c4 g6 3. Nc3 Bg7 4. e4 O-O 5. d4 d6 6. Be2 Nc6 7. O-O e5 8. d5 Ne7 9. b4 a5 10. Ba3 axb4 11. Bxb4 Nh5 12. Re1 Nf4 13. Bf1 f5 14. c5 fxe4 15. Ng5 Nf5 16. Ngxe4 Nd4 17. cxd6 Nh3+ 18. gxh3 Nf3+ 19. Kh1 cxd6 20. Re3 Nd4 21. Bxd6 Rf4 22. Bc5 Qh4 23. d6 Bd7 24. Bg2 Bc6 25. a4 Raf8 26. f3 Kh8 27. a5 Qd8 28. a6 b6 29. Bb4 Nf5 30. d7 Rf7 31. Rd3 Nh4 32. a7 Bf8 33. Bxf8 Rxf8 34. Qd2 Ba8 35. Rd6 Nxf3 36. Bxf3 Rxf3 37. Kg2 Qh4 38. Ng3 Rxg3# 0-1


[Site "https://www.chess.com"]

[Event "Titled Tuesday Blitz July 18 Early 2023"]
[White "Da Matta, Eduardo Cesar"]
[Black "Taboas Rodriguez, Daniel"]
[WhiteFideId "2193108"]
[BlackFideId "2208466"]
[WhiteElo "2313"]
[BlackElo "2479"]
[Result "0-1"]
[Round "4"]
[TimeControl "180+2"]
[Date "2023.07.18"]
[WhiteClock "0:00:02"]
[BlackClock "0:00:57"]
[Board "150"]

1. d4 Nf6 2. c4 g6 3. Nc3 Bg7 4. e4 d6 5. Be2 O-O 6. Nf3 e5 7. d5 Nbd7 8. Bg5 h6 9. Bh4 g5 10. Bg3 Nh5 11. h4 g4 12. Nh2 Nxg3 13. fxg3 h5 14. O-O Bh6 15. Bd3 Nc5 16. Bc2 a5 17. Qe2 Bd7 18. Rf2 f6 19. Nf1 Qe7 20. Ne3 Bxe3 21. Qxe3 Qg7 22. Raf1 Rf7 23. Nd1 Raf8 24. Qe2 Qh7 25. Rf5 Bxf5 26. Rxf5 Qh6 27. Ne3 Rh7 28. Rf1 Qg6 29. Nf5 Qe8 30. b3 Qa8 31. Qe3 Qa7 32. Nh6+ Kg7 33. Nf5+ Kh8 34. Kh2 Qb6 35. Qd2 Na6 36. a3 Qc5 37. Ra1 Rd8 38. Ra2 c6 39. Ra1 cxd5 40. cxd5 Rc8 41. Bd3 Qc3 42. Qd1 Qc5 43. Qd2 Qc3 44. Qd1 Rd8 45. Qe2 Nc5 46. Rd1 Qxb3 47. Rd2 Qxa3 48. Rc2 0-1


[Site "https://www.chess.com"]

[Event "Titled Tuesday Blitz July 18 Early 2023"]
[White "Liu, Casper"]
[Black "Acikel, Mert"]
[WhiteFideId "1454153"]
[BlackFideId "12956465"]
[WhiteElo "2472"]
[BlackElo "2312"]
[Result "0-1"]
[Round "4"]
[TimeControl "180+2"]
[Date "2023.07.18"]
[WhiteClock "0:02:04"]
[BlackClock "0:00:49"]
[Board "151"]

1. e4 e5 2. d4 exd4 3. Qxd4 Nc6 4. Qe3 Nf6 5. Nc3 Bb4 6. Bd2 O-O 7. O-O-O Re8 8. Bc4 d6 9. Nh3 Bc5 10. Qg3 Be6 11. Bh6 Nh5 12. Qf3 Bxc4 13. Qxh5 gxh6 14. Qxh6 Re6 15. Qh5 Qf6 16. Nd5 Qh6+ 17. Qg5+ Qxg5+ 18. Nxg5 Rg6 19. h4 Bxd5 20. Rxd5 Bxf2 21. Rf5 Be3+ 22. Kd1 Bxg5 23. hxg5 Ne5 24. Ke2 Re8 25. Ke3 Ng4+ 26. Kf4 Ne5 27. Ke3 c6 28. Rd1 Rge6 29. Rf4 Ng6 30. Rg4 d5 31. Rd4 Rxe4+ 32. Rgxe4 Rxe4+ 33. Rxe4 dxe4 34. Kxe4 Kf8 35. Kf5 Ke7 36. g3 Nf8 37. a4 a5 38. Ke5 Ne6 39. Kf5 Nd4+ 40. Kg4 Nxc2 41. Kh5 Kf8 42. Kg4 Nb4 43. Kf5 Nd3 44. b3 Nc5 45. Ke5 Nxb3 46. Kd6 c5 47. Kd5 b6 48. Kc4 Nd2+ 49. Kb5 Ne4 50. Kxb6 c4 51. Kxa5 c3 52. Kb5 c2 53. a5 c1=Q 54. a6 Qa1 55. g6 fxg6 56. g4 Nf6 57. g5 Ne4 58. Kb6 Nxg5 59. a7 h5 60. Kb7 h4 61. Ka8 Qxa7+ 62. Kxa7 h3 63. Kb8 Ke7 64. Kc7 h2 65. Kc6 Ke6 66. Kc5 Ke5 67. Kc6 h1=Q+ 68. Kd7 Qb7+ 69. Ke8 Ke6 0-1


[Site "https://www.chess.com"]

[Event "Titled Tuesday Blitz July 18 Early 2023"]
[White "Rodriguez Fontecha, Marcos"]
[Black "ExchangeAB"]
[WhiteFideId "2256576"]
[WhiteElo "2472"]
[BlackElo "2311"]
[Result "0-1"]
[Round "4"]
[TimeControl "180+2"]
[Date "2023.07.18"]
[WhiteClock "0:00:00"]
[BlackClock "0:00:16"]
[Board "152"]

1. e4 c6 2. d4 d5 3. Nc3 dxe4 4. Nxe4 Bf5 5. Ng3 Bg6 6. Nf3 Nd7 7. Bc4 e6 8. Qe2 Ngf6 9. h4 h6 10. Bd2 Be7 11. O-O-O O-O 12. Bb3 a5 13. Ne5 Nxe5 14. dxe5 Nd5 15. h5 Bh7 16. Qg4 Kh8 17. c4 a4 18. Bc2 f5 19. exf6 Nxf6 20. Qxe6 Bg8 21. Qf5 Qc8 22. Qxc8 Raxc8 23. Nf5 Bc5 24. Bc3 Bxc4 25. g4 Be2 26. Rdg1 Bxf2 27. Rg2 Bf3 28. Rxf2 Bxh1 29. Nxh6 Ne4 30. Nf7+ Kg8 0-1


[Site "https://www.chess.com"]

[Event "Titled Tuesday Blitz July 18 Early 2023"]
[White "Travadon, Loic"]
[Black "WindWhistler11"]
[WhiteFideId "26092131"]
[WhiteElo "2304"]
[BlackElo "2467"]
[Result "1-0"]
[Round "4"]
[TimeControl "180+2"]
[Date "2023.07.18"]
[WhiteClock "0:00:59"]
[BlackClock "0:00:00"]
[Board "153"]

1. d4 f5 2. c4 Nf6 3. Nc3 g6 4. f3 c5 5. e4 cxd4 6. Qxd4 Nc6 7. Qd1 fxe4 8. fxe4 Bg7 9. Nf3 O-O 10. Be2 e6 11. O-O Qb6+ 12. Kh1 Ng4 13. Qe1 Ne3 14. Bxe3 Qxe3 15. Bd1 Qxe1 16. Rxe1 Nb4 17. Re3 Bh6 18. Re2 b6 19. a3 Nd3 20. Ba4 Nc5 21. Bc2 Ba6 22. b3 Bg7 23. Re3 Bb7 24. Rae1 Bh6 25. R3e2 a5 26. Rd1 Rad8 27. Nb5 d5 28. exd5 exd5 29. b4 axb4 30. axb4 Na6 31. cxd5 Nxb4 32. Bb3 Bxd5 33. Rxd5 1-0


[Site "https://www.chess.com"]

[Event "Titled Tuesday Blitz July 18 Early 2023"]
[White "Martin, Lewis"]
[Black "Besedes, Danilo"]
[WhiteFideId "410551"]
[BlackFideId "946796"]
[WhiteElo "2303"]
[BlackElo "2461"]
[Result "0-1"]
[Round "4"]
[TimeControl "180+2"]
[Date "2023.07.18"]
[WhiteClock "0:00:12"]
[BlackClock "0:00:49"]
[Board "154"]

1. e4 g6 2. d4 Bg7 3. Nf3 c6 4. Nc3 d5 5. e5 Bg4 6. h3 Bxf3 7. Qxf3 e6 8. Bd3 Nd7 9. Qg3 Ne7 10. Be3 O-O 11. h4 c5 12. h5 cxd4 13. Bxd4 Nc6 14. hxg6 Nxd4 15. Rxh7 f5 16. Qh3 Qe7 17. f4 Rfc8 18. Kd2 Nf8 19. Rh1 Nxh7 20. Qxh7+ Kf8 21. g4 fxg4 22. f5 exf5 23. Nxd5 Qxe5 24. c4 Nf3+ 25. Kd1 Qxb2 26. Bc2 Rxc4 27. Qh5 Qd4+ 0-1


[Site "https://www.chess.com"]

[Event "Titled Tuesday Blitz July 18 Early 2023"]
[White "lgabi"]
[Black "Bochnicka, Vladimir"]
[BlackFideId "14943450"]
[WhiteElo "2296"]
[BlackElo "2460"]
[Result "1-0"]
[Round "4"]
[TimeControl "180+2"]
[Date "2023.07.18"]
[WhiteClock "0:02:07"]
[BlackClock "0:01:08"]
[Board "155"]

1. e4 c5 2. Nf3 Nc6 3. Bb5 e6 4. Bxc6 bxc6 5. b3 Ne7 6. Bb2 Ng6 7. h4 h5 8. e5 Be7 9. d3 Nxh4 10. Nxh4 Bxh4 11. g3 Be7 12. Rxh5 Rxh5 13. Qxh5 g6 14. Qh8+ Bf8 15. Nd2 Bb7 16. Ne4 d5 17. exd6 1-0


[Site "https://www.chess.com"]